 Dungeon Crawl Stone Soup version 0.22.2-1-ge965b3a (webtiles) character file.

5999 AarnesTheHuman the Fighter (level 10, -11/138 (139) HPs)
             Began as a Minotaur Berserker on July 24, 2019.
             Was a High Priest of Trog.
             Mangled by a white ugly thing (17 damage)
             ... on level 8 of the Dungeon.
             The game lasted 00:38:41 (8417 turns).

AarnesTheHuman the Fighter (Minotaur Berserker)     Turns: 8417, Time: 00:38:42

HP:   -11/138 (139) AC: 12    Str: 39    XL:     10   Next: 55%
MP:   9/9           EV: 12    Int:  4    God:    Trog [*****.]
Gold: 11            SH:  0    Dex: 10    Spells: 9/9 levels left

rFire    . . .     SeeInvis .   y - +4 battleaxe
rCold    . . .     Gourm    .   (shield currently unavailable)
rNeg     . . .     Faith    .   H - +5 ring mail of Dogma {Str+9 Stlth-}
rPois    +         Spirit   .   (helmet restricted)
rElec    .         Reflect  .   e - scarf {repulsion}
rCorr    .         Harm     .   (no gloves)
MR       +....                  (no boots)
Stlth    ..........             (no amulet)
HPRegen  0.33/turn              p - ring of poison resistance
MPRegen  0.11/turn              J - ring of protection from magic

@: berserking, repel missiles, very quick
A: retaliatory headbutt, horns 2
a: Berserk, Trog's Hand, Brothers in Arms, Renounce Religion


You were on level 8 of the Dungeon.
You worshipped Trog.
Trog was extremely pleased with you.
You were near starving.

You visited 2 branches of the dungeon, and saw 9 of its levels.

You collected 336 gold pieces.
You spent 325 gold pieces at shops.

Inventory:

Hand Weapons
 a - a +1 hand axe
 k - a +5 long sword
 o - a +1 whip of draining
 y - a +4 battleaxe (weapon)
 A - a +1 spear of venom
 G - a +0 blowgun
Missiles
 E - 2 steel tomahawks (quivered)
Armour
 b - a +0 animal skin
 e - a scarf of repulsion (worn)
 n - a +2 robe of magic resistance
 u - a +2 ring mail of magic resistance
 H - the +5 ring mail of Dogma (worn) {Str+9 Stlth-}
   (You found it on level 5 of the Dungeon)

   It affects your strength (+9).
   It makes you less stealthy.
Jewellery
 p - a ring of poison resistance (left hand)
 r - a +1 ring of evasion
 x - an uncursed ring of positive energy
 J - a ring of protection from magic (right hand)
Wands
 C - a wand of random effects (31)
Scrolls
 d - 2 scrolls of amnesia
 h - 3 scrolls of teleportation
 i - 7 scrolls of remove curse
 t - a scroll of blinking {unknown}
 z - 2 scrolls of enchant armour {unknown}
 B - a scroll of fear {unknown}
 I - a scroll of magic mapping {unknown}
Potions
 f - a potion of ambrosia
 g - 2 potions of might
 j - a potion of lignification {unknown}
 l - a potion of haste {unknown}
 m - 2 potions of invisibility {unknown}
 q - a potion of flight {unknown}
 s - 2 potions of berserk rage {unknown}
 v - 3 potions of brilliance
 w - 3 potions of curing
 D - 2 potions of heal wounds {unknown}
Comestibles
 c - 10 rations


   Skills:
 + Level 10.2 Fighting
 + Level 8.3(9.2) Axes
 - Level 5.8(7.9) Polearms
 + Level 7.9 Throwing
 + Level 9.9 Armour
 - Level 2.1 Dodging


You had 9 spell levels left.
You didn't know any spells.
Your spell library was empty.

Dungeon Overview and Level Annotations

Branches:
Dungeon (8/15)             Temple (1/1) D:6
   Lair: D:8-11

Altars:
Qazlal
Sif Muna
Xom

Shops:
D:5 =   D:7 (

Annotations:
D:4 1 exclusion
D:6 4 exclusions
D:7 2 transporters, exclusion: downstairs, Barsley's ghost, novice MiGl


Innate Abilities, Weirdness & Mutations

You reflexively headbutt those who attack you in melee.
You have a pair of horns on your head.


Message History

You feel yourself moving faster!
You feel mighty!
You are near starving!
The white ugly thing completely misses you.
You hit the white ugly thing.
Your headbutt misses the white ugly thing.
The white ugly thing is lightly wounded.
The white ugly thing gores you but does no damage.
You barely miss the white ugly thing.
The white ugly thing is lightly wounded.
The white ugly thing gores you. The white ugly thing freezes you!!
* * * LOW HITPOINT WARNING * * *
You slash the white ugly thing!
Your headbutt misses the white ugly thing.
The white ugly thing is moderately wounded.
You barely miss the white ugly thing. You headbutt the white ugly thing!
The white ugly thing is moderately wounded.
The white ugly thing gores you.
* * * LOW HITPOINT WARNING * * *
The white ugly thing freezes you!
You die...

.... #..# #..# #..# .
#..# #.# #..### ..#
###u...####.####
#..@# #≈≈≈.≈≈≈# ..
#.### #≈§...≈≈#...
#.# ###≈.§§..≈#>.
#.##.####....§§§....#
#.........#≈.§....#[#
####.######≈≈...≈≈#.#
#.. #≈≈≈.≈≈≈#.# ###
####.####.#
#...###.<###


You could see a white ugly thing.

Vanquished Creatures
  A two-headed ogre (D:8)
  Sigmund (D:5)
  A yak (D:7)
  A human (D:7)
  3 hogs (D:7)
  Edmund (D:5)
  A black bear (D:7)
  5 sky beasts
  5 ice beasts
  2 orc warriors
  2 necrophages
  7 phantoms
  2 ogres
  A wolf (D:8)
  A gnoll sergeant (D:7)
  9 scorpions
  7 wights
  4 howler monkeys
  6 killer bees
  A jelly (D:5)
  A hound (D:7)
  3 orc priests
  A centaur skeleton (D:8)
  4 orc wizards
  A wyvern simulacrum (D:8)
  3 bullfrog skeletons
  An iguana (D:4)
  7 worker ants
  A hound skeleton (D:5)
  13 gnolls
  10 adders
  2 shadow imps
  A white imp (D:8)
  2 oozes
  An adder zombie (D:6)
  An adder skeleton (D:4)
  2 worms (D:3)
  2 dart slugs
  6 leopard geckos
  19 orcs
  13 bats
  3 giant cockroaches
  9 goblins
  4 hobgoblins
  2 jackals (D:1)
  A quokka (D:7)
  2 ball pythons
  2 frilled lizards
  A giant cockroach zombie (D:5)
  6 kobolds
  A quokka skeleton (D:4)
  7 rats
193 creatures vanquished.

Vanquished Creatures (others)
  A fungus (D:6)
1 creature vanquished.

Grand Total: 194 creatures vanquished

Notes
Turn   | Place    | Note
-------+----------+-------------------------------------------
     0 | D:1      | AarnesTheHuman the Minotaur Berserker began the quest for
                  | the Orb.
     0 | D:1      | Reached XP level 1. HP: 19/19 MP: 0/0
   129 | D:1      | Reached XP level 2. HP: 16/27 MP: 1/1
   472 | D:1      | Reached skill level 1 in Throwing
   558 | D:1      | Reached skill level 4 in Fighting
   904 | D:1      | Reached XP level 3. HP: 30/33 MP: 2/2
   953 | D:1      | Reached ** piety under Trog
  1244 | D:2      | Reached XP level 4. HP: 21/41 MP: 3/3
  2347 | D:3      | Reached XP level 5. HP: 42/47 MP: 4/4
  2548 | D:3      | Noticed a phantom
  2567 | D:3      | Killed a phantom
  2567 | D:3      | Reached skill level 5 in Fighting
  2567 | D:3      | Reached skill level 5 in Axes
  2990 | D:4      | Noticed a phantom
  2993 | D:4      | Reached XP level 6. HP: 40/56 MP: 5/5
  3367 | D:4      | Reached skill level 5 in Armour
  3367 | D:4      | Reached XP level 7. HP: 39/62 MP: 6/6
  3627 | D:4      | Reached *** piety under Trog
  3796 | D:4      | Reached skill level 6 in Fighting
  4149 | D:4      | Found a shimmering altar of Xom.
  4152 | D:4      | Found a stormy altar of Qazlal.
  4155 | D:4      | Found a deep blue altar of Sif Muna.
  4204 | D:5      | Entered Level 5 of the Dungeon
  4459 | D:5      | Reached XP level 8. HP: 70/71 MP: 7/7
  4617 | D:5      | Reached skill level 1 in Polearms
  4646 | D:5      | Found Zej Fuah's Jewellery Shoppe.
  4702 | D:5      | Received a gift from Trog
  4722 | D:5      | Reached skill level 7 in Fighting
  5015 | D:5      | Noticed Edmund
  5036 | D:5      | Killed Edmund
  5183 | D:5      | Noticed Sigmund
  5193 | D:5      | Killed Sigmund
  5193 | D:5      | Reached skill level 5 in Throwing
  5198 | D:5      | Got a black opal-encrusted ring mail
  5210 | D:5      | Identified the +5 ring mail of Dogma {Str+9 Stlth-} (You
                  | found it on level 5 of the Dungeon)
  6001 | D:6      | Reached skill level 8 in Fighting
  6001 | D:6      | Reached XP level 9. HP: 80/81 MP: 8/8
  6038 | D:6      | Reached **** piety under Trog
  6126 | D:6      | Found a staircase to the Ecumenical Temple.
  6226 | Temple   | Entered the Ecumenical Temple
  6475 | D:7      | Found a transporter.
  6475 | D:7      | Noticed Barsley's ghost (novice MiGl)
  6513 | D:7      | Reached skill level 5 in Polearms
  6975 | D:7      | Reached skill level 9 in Fighting
  7000 | D:7      | Found a transporter.
  7168 | D:7      | Reached XP level 10. HP: 48/90 MP: 9/9
  7539 | D:7      | Found Vial's Antique Weapon Shop.
  7774 | D:5      | Bought an uncursed ring of protection from magic for 325
                  | gold pieces
  8262 | D:8      | Noticed a two-headed ogre
  8274 | D:8      | Reached ***** piety under Trog
  8280 | D:8      | Killed a two-headed ogre
  8280 | D:8      | Reached skill level 10 in Fighting
  8408 | D:8      | Noticed a white ugly thing
  8417 | D:8      | HP: 6/138 [white ugly thing (6)]
  8417 | D:8      | Mangled by a white ugly thing

Skill      XL: |  1  2  3  4  5  6  7  8  9 10 |
---------------+-------------------------------+-----
Throwing       | 1 2 3 4 5 7 |  7.9
Fighting       | 4 5 6 8 9 10 | 10.2
Axes           | 4 5 6 7 8 |  8.3
Armour         | 3 4 5 6 7 9 |  9.9
Polearms       | 4 5 |  5.8
Dodging        | |  2.1

Action                   |  1- 3 |  4- 6 |  7- 9 | 10-12 || total
-------------------------+-------+-------+-------+-------++-------
Melee: Hand axe          |    71 |   105 |    78 |       ||   254
       Headbutt          |     9 |    17 |    63 |    20 ||   109
       Spear             |       |       |   258 |       ||   258
       Battleaxe         |       |       |    29 |    72 ||   101
Throw: Tomahawk          |       |       |     6 |       ||     6
Invok: Berserk           |       |     1 |     2 |     3 ||     6
  Use: Scroll            |       |    11 |     2 |       ||    13
       Potion            |       |     1 |     1 |       ||     2
 Stab: Held in net/web   |       |       |     2 |       ||     2
  Eat: Chunk             |     1 |     2 |     6 |     5 ||    14
       Ration            |       |     2 |     2 |       ||     4
Armor: Animal skin       |    14 |     1 |       |       ||    15
       Ring mail         |       |    19 |    79 |    42 ||   140
       Chain mail        |       |       |    35 |       ||    35
Dodge: Dodged            |    37 |    60 |   100 |    47 ||   244
